PHILADELPHIA RAIDERS vs THEDFORD MINES ISOTHERMIC
Created - 7 décembre 2025 at 16:11
Goals
|
| PHILADELPHIA RAIDERS |
2 |
1 |
1 |
4 |
| THEDFORD MINES ISOTHERMIC |
1 |
0 |
1 |
2 |
|
Shots
|
| PHILADELPHIA RAIDERS |
7 |
8 |
11 |
26 |
| THEDFORD MINES ISOTHERMIC |
21 |
10 |
11 |
42 |
|
1st period
1. PHILADELPHIA RAIDERS , Matthew Poitras 16 (Shai Buium 5) at 1:22
2. THEDFORD MINES ISOTHERMIC , Brian Halonen 9 (James Hamblin 17, Grant Cruikshank 1) at 1:32
3. PHILADELPHIA RAIDERS , Matthew Poitras 17 (Jaycob Megna 6, Tyce Thompson 2) at 16:27
Penalties :
No Penalty
2nd period
4. PHILADELPHIA RAIDERS , Cale Fleury 1 (Zack Ostapchuk 5, Jonathan Gruden 15) at 3:12 (PP)
Penalties :
Gavin White (TFM) for Hooking (Minor) at 2:56, Djibril Toure (TFM) for Boarding (Minor) at 14:58, Djibril Toure (TFM) for Holding (Minor) at 17:13
3rd period
5. THEDFORD MINES ISOTHERMIC , Djibril Toure 2 (Mikulas Hovorka 3, James Hamblin 18) at 0:35 (PP)
6. PHILADELPHIA RAIDERS , Donovan Sebrango 2 (Jonathan Gruden 16, Gavin Hayes 5) at 9:06
Penalties :
Shai Buium (PHI) for Goalie Interference (Minor) at 0:03, Mikulas Hovorka (TFM) for Holding (Minor) at 4:05
Goalie Stats
Jaxson Stauber (PHI), 40 saves from 42 shots - (0,952), W, 10-4-2, 60:00 minutes
Domenic DiVincentiis (TFM), 5 saves from 5 shots - (1,000), 10:54 minutes
Nikita Tolopilo (TFM), 17 saves from 21 shots - (0,810), L, 7-4-0, 49:06 minutes
Players Stats for PHILADELPHIA RAIDERS
Player Name G A P +/- PIM S H SB GA TA FO MP PP MP PK MP
------------------------------------------------------------------------------------
Brandon Scanlin 0 0 0 1 0 0 2 0 0 0 0/0 27:05 2:15 0:32
Cale Fleury 1 0 1 0 0 1 0 3 0 0 0/0 9:21 1:06 0:00
Cameron Lund 0 0 0 1 0 4 0 0 0 0 0/1 11:32 0:50 0:00
Curtis Lazar 0 0 0 0 0 1 1 0 0 0 3/4 20:53 2:54 0:32
Donovan Sebrango 1 0 1 1 0 1 0 2 0 0 0/0 24:50 2:15 0:00
Gavin Hayes 0 1 1 1 0 4 0 0 0 0 0/0 23:53 2:41 0:00
Jaycob Megna 0 1 1 1 0 0 1 3 0 0 0/0 25:45 3:08 0:32
Jayden Grubbe 0 0 0 0 0 0 0 0 0 0 0/0 0:53 0:00 0:00
Jett Luchanko 0 0 0 0 0 0 0 0 0 0 0/0 0:00 0:00 0:00
Jonathan Gruden 0 2 2 1 0 6 0 1 0 0 1/1 23:53 2:41 0:00
Lukas Rousek 0 0 0 0 0 1 1 0 0 0 1/1 19:21 3:32 0:00
Matthew Poitras 2 0 2 1 0 4 0 2 0 0 9/25 25:18 2:54 0:32
Noah Warren 0 0 0 0 0 0 3 0 0 0 0/0 6:00 0:50 0:00
Riley Kidney 0 0 0 1 0 3 0 0 0 0 5/12 16:52 0:38 0:00
Shai Buium 0 1 1 1 2 0 5 2 0 0 0/0 26:25 2:52 0:00
Simon Lundmark 0 0 0 0 0 0 0 0 0 0 0/0 0:33 0:00 0:00
Tyce Thompson 0 1 1 0 0 1 0 0 0 0 4/9 14:38 0:00 0:00
Zack Ostapchuk 0 1 1 1 0 0 0 0 0 0 19/27 22:15 2:29 0:00
Players Stats for THEDFORD MINES ISOTHERMIC
Player Name G A P +/- PIM S H SB GA TA FO MP PP MP PK MP
------------------------------------------------------------------------------------
Andrew Perrott 0 0 0 0 0 0 0 2 0 0 0/0 14:17 0:00 2:58
Brian Halonen 1 0 1 0 0 7 2 0 0 0 0/0 24:02 0:32 3:23
Djibril Toure 1 0 1 -2 4 1 4 2 0 0 0/0 24:37 0:32 0:46
Emil Bemstrom 0 0 0 -1 0 4 1 0 0 0 1/1 15:45 0:00 0:12
Ethan Cardwell 0 0 0 -1 0 2 2 0 0 0 0/1 15:53 0:00 0:00
Filip Engaras 0 0 0 -1 0 5 4 0 0 0 1/3 17:38 0:00 0:03
Gavin White 0 0 0 1 2 0 1 2 0 0 0/0 25:33 0:00 2:46
Grant Cruikshank 0 1 1 1 0 0 0 0 0 0 2/3 4:27 0:00 0:00
Jack Studnicka 0 0 0 0 0 0 0 0 0 0 0/0 0:33 0:00 0:00
James Hamblin 0 2 2 0 0 7 0 0 0 0 12/24 23:30 0:32 3:11
Kyle Criscuolo 0 0 0 -1 0 4 0 0 0 0 9/21 20:25 0:00 2:50
Mikael Diotte 0 0 0 -1 0 0 0 0 0 0 0/0 7:56 0:00 2:33
Mikulas Hovorka 0 1 1 -2 2 2 0 1 0 0 0/0 27:21 0:32 2:06
Oliver Okuliar 0 0 0 -1 0 3 2 2 0 0 1/5 18:42 0:32 2:50
Otto Stenberg 0 0 0 -1 0 2 1 0 0 0 1/2 17:35 0:00 0:00
Tanner Laczynski 0 0 0 0 0 0 0 0 0 0 0/0 0:00 0:00 0:00
Vladislav Kolyachonok 0 0 0 0 0 3 1 1 0 0 0/0 19:36 0:00 1:14
Wyatt Bongiovanni 0 0 0 -1 0 2 1 0 0 0 11/20 15:53 0:00 0:00
3 Stars
1 - Matthew Poitras (PHI)
2 - Jaxson Stauber (PHI)
3 - Donovan Sebrango (PHI)
Power Play
PHILADELPHIA RAIDERS - 1 on 4 Attempt(s) - 25,00%
THEDFORD MINES ISOTHERMIC - 1 on 1 Attempt(s) - 100,00%
Penalty Kill
PHILADELPHIA RAIDERS - 0 on 1 Attempt(s) - 0,00%
- Score 0 goal in Penalty Kill
THEDFORD MINES ISOTHERMIC - 3 on 4 Attempt(s) - 75,00%
- Score 0 goal in Penalty Kill
Team Stat
PHILADELPHIA RAIDERS - Hits : 13 - Faceoff Wins : 42 - Blocked Shots : 13 - Penalty Minutes : 2
THEDFORD MINES ISOTHERMIC - Hits : 19 - Faceoff Wins : 38 - Blocked Shots : 10 - Penalty Minutes : 8
Official
Referees : Chris Lee and Robert Hennessey
Linesman : Derek Wahl and Kyle Larson
Game Notes
Domenic DiVincentiis enters game at 9:06 of 3rd period
PHILADELPHIA RAIDERS
5 vs 5 Forward
Center Left Wing Right Wing Time % Phy DF OF
1 Matthew Poitras Curtis Lazar Lukas Rousek 36 1 2 2
2 Zack Ostapchuk Jonathan Gruden Gavin Hayes 31 1 2 2
3 Matthew Poitras Riley Kidney Cameron Lund 23 1 2 2
4 Riley Kidney Tyce Thompson Matthew Poitras 10 1 2 2
5 vs 5 Defense
Defense Defense Time % Phy DF OF
1 Jaycob Megna Shai Buium 36 1 2 2
2 Donovan Sebrango Brandon Scanlin 31 1 2 2
3 Shai Buium Jaycob Megna 23 1 2 2
4 Shai Buium Jaycob Megna 10 1 2 2
PowerPlay Forward
Center Left Wing Right Wing Time % Phy DF OF
1 Matthew Poitras Curtis Lazar Lukas Rousek 55 1 2 2
2 Zack Ostapchuk Jonathan Gruden Gavin Hayes 45 1 2 2
PowerPlay Defense
Defense Defense Time % Phy DF OF
1 Jaycob Megna Shai Buium 55 1 2 2
2 Donovan Sebrango Brandon Scanlin 45 1 2 2
Penalty Kill 4 Players Forward
Center Wing Time % Phy DF OF
1 Curtis Lazar Matthew Poitras 55 1 2 2
2 Lukas Rousek Riley Kidney 45 1 2 2
Penalty Kill 4 Players Defense
Defense Defense Time % Phy DF OF
1 Jaycob Megna Shai Buium 55 1 2 2
2 Noah Warren Brandon Scanlin 45 1 2 2
Penalty Kill - 3 Players Forward
Forward Time % Phy DF OF
1 Riley Kidney 55 1 2 2
2 Matthew Poitras 45 1 2 2
Penalty Kill - 3 Players Defense
Defense Defense Time % Phy DF OF
1 Jaycob Megna Donovan Sebrango 55 1 2 2
2 Shai Buium Brandon Scanlin 45 1 2 2
4 vs 4 Forward
Center Wing Time % Phy DF OF
1 Lukas Rousek Matthew Poitras 55 1 2 2
2 Curtis Lazar Cameron Lund 45 1 2 2
4 vs 4 Defense
Defense Defense Time % Phy DF OF
1 Jaycob Megna Shai Buium 55 1 2 2
2 Simon Lundmark Brandon Scanlin 45 1 2 2
Last Minutes Offensive
Center Left Wing Right Wing Defense Defense
Matthew Poitras Curtis Lazar Lukas Rousek Jaycob Megna Shai Buium
Last Minutes Defensive
Center Left Wing Right Wing Defense Defense
Matthew Poitras Curtis Lazar Lukas Rousek Jaycob Megna Shai Buium
Goaltenders
Starting : Jaxson Stauber
Backup : Aaron Dell
Extra Forwards
Normal : Matthew Poitras, Tyce Thompson, Curtis Lazar - PP : Matthew Poitras, Lukas Rousek - PK : Matthew Poitras
Extra Defensemen
Normal : Jaycob Megna, Shai Buium, Brandon Scanlin - PP : Jaycob Megna - PK : Brandon Scanlin, Jaycob Megna
Penalty Shots
Tyce Thompson, Matthew Poitras, Curtis Lazar, Lukas Rousek, Zack Ostapchuk
Scratches
Artur Cholach (Healthy), John Ludvig (Healthy), Jani Hakanpaa (Healthy), Ethan Gauthier (Healthy), Hank Kempf (Healthy)
Kalan Lind (Healthy), Michael Callahan (Healthy)
THEDFORD MINES ISOTHERMIC
5 vs 5 Forward
Center Left Wing Right Wing Time % Phy DF OF
1 James Hamblin Brian Halonen Oliver Okuliar 36 1 2 2
2 Kyle Criscuolo Otto Stenberg Filip Engaras 31 1 2 2
3 Wyatt Bongiovanni Emil Bemstrom Ethan Cardwell 23 1 2 2
4 Grant Cruikshank James Hamblin Brian Halonen 10 1 2 2
5 vs 5 Defense
Defense Defense Time % Phy DF OF
1 Mikulas Hovorka Djibril Toure 36 1 2 2
2 Gavin White Vladislav Kolyachonok 31 1 2 2
3 Mikulas Hovorka Gavin White 23 1 2 2
4 Mikulas Hovorka Djibril Toure 10 1 2 2
PowerPlay Forward
Center Left Wing Right Wing Time % Phy DF OF
1 James Hamblin Brian Halonen Oliver Okuliar 55 1 2 2
2 Kyle Criscuolo Otto Stenberg Filip Engaras 45 1 2 2
PowerPlay Defense
Defense Defense Time % Phy DF OF
1 Mikulas Hovorka Djibril Toure 55 1 2 2
2 Gavin White Vladislav Kolyachonok 45 1 2 2
Penalty Kill 4 Players Forward
Center Wing Time % Phy DF OF
1 James Hamblin Brian Halonen 55 1 2 2
2 Oliver Okuliar Kyle Criscuolo 45 1 2 2
Penalty Kill 4 Players Defense
Defense Defense Time % Phy DF OF
1 Mikulas Hovorka Djibril Toure 55 1 2 2
2 Vladislav Kolyachonok Gavin White 45 1 2 2
Penalty Kill - 3 Players Forward
Forward Time % Phy DF OF
1 James Hamblin 55 1 2 2
2 Brian Halonen 45 1 2 2
Penalty Kill - 3 Players Defense
Defense Defense Time % Phy DF OF
1 Mikulas Hovorka Djibril Toure 55 1 2 2
2 Vladislav Kolyachonok Gavin White 45 1 2 2
4 vs 4 Forward
Center Wing Time % Phy DF OF
1 James Hamblin Brian Halonen 55 1 2 2
2 Oliver Okuliar Kyle Criscuolo 45 1 2 2
4 vs 4 Defense
Defense Defense Time % Phy DF OF
1 Mikulas Hovorka Djibril Toure 55 1 2 2
2 Gavin White Vladislav Kolyachonok 45 1 2 2
Last Minutes Offensive
Center Left Wing Right Wing Defense Defense
James Hamblin Brian Halonen Oliver Okuliar Mikulas Hovorka Djibril Toure
Last Minutes Defensive
Center Left Wing Right Wing Defense Defense
James Hamblin Brian Halonen Oliver Okuliar Mikulas Hovorka Djibril Toure
Goaltenders
Starting : Nikita Tolopilo
Backup : Domenic DiVincentiis
Extra Forwards
Normal : Wyatt Bongiovanni, Ethan Cardwell, Emil Bemstrom - PP : Wyatt Bongiovanni, Ethan Cardwell - PK : Emil Bemstrom
Extra Defensemen
Normal : Mikulas Hovorka, Djibril Toure, Gavin White - PP : Mikulas Hovorka - PK : Mikulas Hovorka, Djibril Toure
Penalty Shots
James Hamblin, Brian Halonen, Oliver Okuliar, Kyle Criscuolo, Wyatt Bongiovanni
Scratches
Chase Pauls (Healthy), Joe Arntsen (Healthy), Jordan Martel (Healthy), Luke Haymes (Healthy), Sam Sedley (Healthy)
Georgi Romanov (Healthy), Evan Gardner (Healthy)
% Time on Ice - PHILADELPHIA RAIDERS
Lines # - Real PCT - Wanted PCT - Time Play
Normal Forward
1 - 30% - 36% - 15:49
2 - 40% - 31% - 21:12
3 - 18% - 23% - 9:51
4 - 12% - 10% - 6:23
Normal Defense
1 - 32% - 36% - 16:58
2 - 50% - 31% - 26:42
3 - 15% - 23% - 7:57
4 - 3% - 10% - 1:38
PP Forward
1 - 57% - 55% - 3:32
2 - 43% - 45% - 2:41
PP Defense
1 - 50% - 55% - 3:08
2 - 50% - 45% - 3:05
PK Forward
1 - 100% - 55% - 0:32
2 - 0% - 45% - 0:00
PK Defense
1 - 100% - 55% - 0:32
2 - 0% - 45% - 0:00
PK3 Forward
1 - 0% - 55%
2 - 0% - 45%
PK3 Defense
1 - 0% - 55%
2 - 0% - 45%
44 Forward
1 - 0% - 55%
2 - 0% - 45%
44 Defense
1 - 0% - 55%
2 - 0% - 45%
Last Minute Offensive - 0:00
Last Minute Defensive - 0:00
Total
Forward - 60:00
Defense - 60:00
|
% Time on Ice - THEDFORD MINES ISOTHERMIC
Lines # - Real PCT - Wanted PCT - Time Play
Normal Forward
1 - 29% - 36% - 15:20
2 - 33% - 31% - 17:35
3 - 30% - 23% - 15:53
4 - 8% - 10% - 4:27
Normal Defense
1 - 39% - 36% - 20:44
2 - 36% - 31% - 19:19
3 - 19% - 23% - 10:17
4 - 5% - 10% - 2:55
PP Forward
1 - 100% - 55% - 0:32
2 - 0% - 45% - 0:00
PP Defense
1 - 100% - 55% - 0:32
2 - 0% - 45% - 0:00
PK Forward
1 - 54% - 55% - 3:23
2 - 46% - 45% - 2:50
PK Defense
1 - 85% - 55% - 5:16
2 - 15% - 45% - 0:57
PK3 Forward
1 - 0% - 55%
2 - 0% - 45%
PK3 Defense
1 - 0% - 55%
2 - 0% - 45%
44 Forward
1 - 0% - 55%
2 - 0% - 45%
44 Defense
1 - 0% - 55%
2 - 0% - 45%
Last Minute Offensive - 0:00
Last Minute Defensive - 0:00
Total
Forward - 60:00
Defense - 60:00
|
Play-by-Play
1st period
0:01 of 1st period - Lukas Rousek wins face-off versus James Hamblin in neutral zone.
0:19 of 1st period - Shot by James Hamblin.
0:19 of 1st period - Shot Blocked by Jaycob Megna.
0:21 of 1st period - Shot by Mikulas Hovorka.
0:21 of 1st period - Stopped by Jaxson Stauber with a rebound.
0:35 of 1st period - Shot by James Hamblin.
0:35 of 1st period - Stopped by Jaxson Stauber without a rebound.
0:36 of 1st period - Zack Ostapchuk wins face-off versus Kyle Criscuolo in PHILADELPHIA RAIDERS zone.
0:40 of 1st period - Jonathan Gruden is hit by Filip Engaras and loses puck.
0:51 of 1st period - Shot by Kyle Criscuolo.
0:51 of 1st period - Stopped by Jaxson Stauber with a rebound.
0:59 of 1st period - Shot by Kyle Criscuolo.
0:59 of 1st period - Shot Misses the Net.
1:08 of 1st period - Off-side.
1:09 of 1st period - Wyatt Bongiovanni wins face-off versus Matthew Poitras in neutral zone.
1:22 of 1st period - Shot by Matthew Poitras.
1:22 of 1st period - Goal by Matthew Poitras - PHILADELPHIA RAIDERS : 1 - THEDFORD MINES ISOTHERMIC : 0.
1:23 of 1st period - Grant Cruikshank wins face-off versus Riley Kidney in neutral zone.
1:28 of 1st period - Shot by Brian Halonen.
1:28 of 1st period - Shot Blocked by Shai Buium.
1:30 of 1st period - Shot by James Hamblin.
1:30 of 1st period - Deflect By Brian Halonen.
1:30 of 1st period - Stopped by Jaxson Stauber with a rebound.
1:32 of 1st period - Shot by Brian Halonen.
1:32 of 1st period - Goal by Brian Halonen - PHILADELPHIA RAIDERS : 1 - THEDFORD MINES ISOTHERMIC : 1.
1:33 of 1st period - Zack Ostapchuk wins face-off versus Wyatt Bongiovanni in neutral zone.
2:46 of 1st period - Shot by Brian Halonen.
2:46 of 1st period - Stopped by Jaxson Stauber without a rebound.
2:47 of 1st period - Matthew Poitras wins face-off versus Otto Stenberg in PHILADELPHIA RAIDERS zone.
2:56 of 1st period - Shot by Matthew Poitras.
2:56 of 1st period - Shot Misses the Net.
2:58 of 1st period - Shot by Curtis Lazar.
2:58 of 1st period - Shot Misses the Net.
3:31 of 1st period - Shot by Zack Ostapchuk.
3:31 of 1st period - Shot Misses the Net.
3:33 of 1st period - Shot by Jonathan Gruden.
3:33 of 1st period - Shot Misses the Net.
3:36 of 1st period - Zack Ostapchuk is hit by Gavin White and loses puck.
3:43 of 1st period - Shot by Jonathan Gruden.
3:43 of 1st period - Stopped by Nikita Tolopilo without a rebound.
3:44 of 1st period - James Hamblin wins face-off versus Riley Kidney in THEDFORD MINES ISOTHERMIC zone.
3:53 of 1st period - Off-side.
3:54 of 1st period - Grant Cruikshank wins face-off versus Riley Kidney in neutral zone.
3:59 of 1st period - Shot by James Hamblin.
3:59 of 1st period - Shot Blocked by Matthew Poitras.
4:01 of 1st period - Shot by Brian Halonen.
4:01 of 1st period - Stopped by Jaxson Stauber with a rebound.
4:03 of 1st period - Shot by Mikulas Hovorka.
4:03 of 1st period - Deflect By Brian Halonen.
4:03 of 1st period - Shot Blocked by Matthew Poitras.
4:05 of 1st period - Shot by James Hamblin.
4:05 of 1st period - Stopped by Jaxson Stauber with a rebound.
4:07 of 1st period - Shot by Mikulas Hovorka.
4:07 of 1st period - Shot Misses the Net.
4:24 of 1st period - Icing by Donovan Sebrango.
4:25 of 1st period - Riley Kidney wins face-off versus Wyatt Bongiovanni in PHILADELPHIA RAIDERS zone.
6:18 of 1st period - Shot by Lukas Rousek.
6:18 of 1st period - Shot Misses the Net.
6:21 of 1st period - Icing by Oliver Okuliar.
6:22 of 1st period - James Hamblin wins face-off versus Matthew Poitras in THEDFORD MINES ISOTHERMIC zone.
6:43 of 1st period - Shot by Riley Kidney.
6:43 of 1st period - Stopped by Nikita Tolopilo with a rebound.
6:56 of 1st period - Shot by Kyle Criscuolo.
6:56 of 1st period - Shot Blocked by Donovan Sebrango.
7:07 of 1st period - Shot by Filip Engaras.
7:07 of 1st period - Stopped by Jaxson Stauber without a rebound.
7:08 of 1st period - James Hamblin wins face-off versus Tyce Thompson in PHILADELPHIA RAIDERS zone.
7:09 of 1st period - Shot by Brian Halonen.
7:09 of 1st period - Stopped by Jaxson Stauber with a rebound.
7:17 of 1st period - Shot by Brian Halonen.
7:17 of 1st period - Stopped by Jaxson Stauber with a rebound.
7:57 of 1st period - Jonathan Gruden is hit by Filip Engaras and loses puck.
8:02 of 1st period - Shot by Filip Engaras.
8:02 of 1st period - Stopped by Jaxson Stauber without a rebound.
8:03 of 1st period - Matthew Poitras wins face-off versus Wyatt Bongiovanni in PHILADELPHIA RAIDERS zone.
8:07 of 1st period - Off-side.
8:08 of 1st period - Riley Kidney wins face-off versus Kyle Criscuolo in neutral zone.
8:17 of 1st period - Shot by Tyce Thompson.
8:17 of 1st period - Stopped by Nikita Tolopilo with a rebound.
8:23 of 1st period - Shot by Riley Kidney.
8:23 of 1st period - Shot Misses the Net.
8:55 of 1st period - Shot by Jonathan Gruden.
8:55 of 1st period - Shot Blocked by Vladislav Kolyachonok.
9:01 of 1st period - Shot by Wyatt Bongiovanni.
9:01 of 1st period - Shot Misses the Net.
10:12 of 1st period - Shot by Curtis Lazar.
10:12 of 1st period - Shot Misses the Net.
10:54 of 1st period - Shot by Filip Engaras.
10:54 of 1st period - Stopped by Jaxson Stauber without a rebound.
10:55 of 1st period - Curtis Lazar wins face-off versus Wyatt Bongiovanni in PHILADELPHIA RAIDERS zone.
11:15 of 1st period - Curtis Lazar is hit by Wyatt Bongiovanni.
11:22 of 1st period - Off-side.
11:23 of 1st period - Kyle Criscuolo wins face-off versus Tyce Thompson in neutral zone.
11:30 of 1st period - Shot by Otto Stenberg.
11:30 of 1st period - Shot Blocked by Cale Fleury.
11:32 of 1st period - Shot by Vladislav Kolyachonok.
11:32 of 1st period - Shot Misses the Net.
11:34 of 1st period - Shot by Vladislav Kolyachonok.
11:34 of 1st period - Stopped by Jaxson Stauber without a rebound.
11:35 of 1st period - Kyle Criscuolo wins face-off versus Zack Ostapchuk in PHILADELPHIA RAIDERS zone.
11:56 of 1st period - Shot by Kyle Criscuolo.
11:56 of 1st period - Shot Blocked by Jonathan Gruden.
12:02 of 1st period - Shot by Kyle Criscuolo.
12:02 of 1st period - Stopped by Jaxson Stauber with a rebound.
12:04 of 1st period - Shot by Otto Stenberg.
12:04 of 1st period - Shot Blocked by Cale Fleury.
12:27 of 1st period - James Hamblin is hit by Shai Buium and loses puck.
13:01 of 1st period - Shot by Curtis Lazar.
13:01 of 1st period - Shot Misses the Net.
13:37 of 1st period - Kyle Criscuolo is hit by Noah Warren and loses puck.
13:48 of 1st period - Shot by Kyle Criscuolo.
13:48 of 1st period - Shot Misses the Net.
14:29 of 1st period - Shot by Cameron Lund.
14:29 of 1st period - Stopped by Nikita Tolopilo without a rebound.
14:30 of 1st period - Wyatt Bongiovanni wins face-off versus Matthew Poitras in THEDFORD MINES ISOTHERMIC zone.
14:39 of 1st period - Shot by Cameron Lund.
14:39 of 1st period - Shot Misses the Net.
14:49 of 1st period - Shot by Riley Kidney.
14:49 of 1st period - Stopped by Nikita Tolopilo with a rebound.
15:16 of 1st period - Zack Ostapchuk is hit by Emil Bemstrom and loses puck.
15:47 of 1st period - Shot by Otto Stenberg.
15:47 of 1st period - Stopped by Jaxson Stauber with a rebound.
15:49 of 1st period - Shot by Filip Engaras.
15:49 of 1st period - Shot Hit the Post.
15:51 of 1st period - Shot by Kyle Criscuolo.
15:51 of 1st period - Shot Blocked by Cale Fleury.
15:53 of 1st period - Shot by Filip Engaras.
15:53 of 1st period - Stopped by Jaxson Stauber without a rebound.
15:54 of 1st period - James Hamblin wins face-off versus Tyce Thompson in PHILADELPHIA RAIDERS zone.
15:59 of 1st period - Shot by Oliver Okuliar.
15:59 of 1st period - Stopped by Jaxson Stauber without a rebound.
16:00 of 1st period - James Hamblin wins face-off versus Riley Kidney in PHILADELPHIA RAIDERS zone.
16:21 of 1st period - Shot by Tyce Thompson.
16:21 of 1st period - Shot Blocked by Mikulas Hovorka.
16:23 of 1st period - Shot by Matthew Poitras.
16:23 of 1st period - Shot Misses the Net.
16:25 of 1st period - Shot by Jaycob Megna.
16:25 of 1st period - Shot Blocked by Oliver Okuliar.
16:27 of 1st period - Shot by Matthew Poitras.
16:27 of 1st period - Goal by Matthew Poitras - PHILADELPHIA RAIDERS : 2 - THEDFORD MINES ISOTHERMIC : 1.
16:28 of 1st period - Zack Ostapchuk wins face-off versus Kyle Criscuolo in neutral zone.
16:39 of 1st period - Shot by Gavin Hayes.
16:39 of 1st period - Shot Misses the Net.
16:59 of 1st period - Shot by Jonathan Gruden.
16:59 of 1st period - Shot Misses the Net.
17:14 of 1st period - Icing by Shai Buium.
17:15 of 1st period - Matthew Poitras wins face-off versus James Hamblin in PHILADELPHIA RAIDERS zone.
17:15 of 1st period - Matthew Poitras is hit by Oliver Okuliar.
17:29 of 1st period - Shot by Oliver Okuliar.
17:29 of 1st period - Shot Misses the Net.
17:31 of 1st period - Shot by Gavin White.
17:31 of 1st period - Shot Misses the Net.
17:33 of 1st period - Shot by Brian Halonen.
17:33 of 1st period - Shot Misses the Net.
17:35 of 1st period - Shot by James Hamblin.
17:35 of 1st period - Stopped by Jaxson Stauber without a rebound.
17:36 of 1st period - Zack Ostapchuk wins face-off versus Ethan Cardwell in PHILADELPHIA RAIDERS zone.
18:44 of 1st period - Brian Halonen is hit by Curtis Lazar.
19:00 of 1st period - Icing by Mikulas Hovorka.
19:01 of 1st period - James Hamblin wins face-off versus Tyce Thompson in THEDFORD MINES ISOTHERMIC zone.
19:12 of 1st period - Shot by James Hamblin.
19:12 of 1st period - Stopped by Jaxson Stauber without a rebound.
19:13 of 1st period - Riley Kidney wins face-off versus Kyle Criscuolo in PHILADELPHIA RAIDERS zone.
19:13 of 1st period - Riley Kidney is hit by Otto Stenberg.
19:34 of 1st period - Shot by Filip Engaras.
19:34 of 1st period - Stopped by Jaxson Stauber with a rebound.
Goals for this period are 2 for PHILADELPHIA RAIDERS vs 1 for THEDFORD MINES ISOTHERMIC.
Shots for this period are 7 for PHILADELPHIA RAIDERS vs 21 for THEDFORD MINES ISOTHERMIC.
2nd period
0:01 of 2nd period - Matthew Poitras wins face-off versus James Hamblin in neutral zone.
0:04 of 2nd period - Shot by Curtis Lazar.
0:04 of 2nd period - Stopped by Nikita Tolopilo with a rebound.
0:18 of 2nd period - Shot by Oliver Okuliar.
0:18 of 2nd period - Shot Blocked by Jaycob Megna.
0:20 of 2nd period - Shot by James Hamblin.
0:20 of 2nd period - Stopped by Jaxson Stauber with a rebound.
0:24 of 2nd period - Shot by Brian Halonen.
0:24 of 2nd period - Shot Misses the Net.
1:15 of 2nd period - Shot by Otto Stenberg.
1:15 of 2nd period - Shot Blocked by Donovan Sebrango.
1:17 of 2nd period - Shot by Vladislav Kolyachonok.
1:17 of 2nd period - Stopped by Jaxson Stauber without a rebound.
1:18 of 2nd period - Wyatt Bongiovanni wins face-off versus Matthew Poitras in PHILADELPHIA RAIDERS zone.
1:31 of 2nd period - Shot by Wyatt Bongiovanni.
1:31 of 2nd period - Stopped by Jaxson Stauber without a rebound.
1:32 of 2nd period - Zack Ostapchuk wins face-off versus Grant Cruikshank in PHILADELPHIA RAIDERS zone.
2:56 of 2nd period - Minor Penalty to Gavin White for Hooking.
2:57 of 2nd period - Zack Ostapchuk wins face-off versus Oliver Okuliar in THEDFORD MINES ISOTHERMIC zone.
3:02 of 2nd period - Shot by Jonathan Gruden.
3:02 of 2nd period - Shot Misses the Net.
3:10 of 2nd period - Shot by Cale Fleury.
3:10 of 2nd period - Shot Blocked by Andrew Perrott.
3:12 of 2nd period - Shot by Cale Fleury.
3:12 of 2nd period - Goal by Cale Fleury - PHILADELPHIA RAIDERS : 3 - THEDFORD MINES ISOTHERMIC : 1.
3:13 of 2nd period - Wyatt Bongiovanni wins face-off versus Matthew Poitras in neutral zone.
3:28 of 2nd period - Shot by Ethan Cardwell.
3:28 of 2nd period - Shot Misses the Net.
3:30 of 2nd period - Shot by Wyatt Bongiovanni.
3:30 of 2nd period - Shot Misses the Net.
4:06 of 2nd period - Vladislav Kolyachonok is hit by Shai Buium.
4:23 of 2nd period - Filip Engaras is hit by Jaycob Megna and loses puck.
4:29 of 2nd period - Kyle Criscuolo is hit by Shai Buium and loses puck.
4:36 of 2nd period - Shot by Otto Stenberg.
4:36 of 2nd period - Stopped by Jaxson Stauber with a rebound.
5:48 of 2nd period - Shot by Cameron Lund.
5:48 of 2nd period - Stopped by Nikita Tolopilo with a rebound.
6:20 of 2nd period - Wyatt Bongiovanni is hit by Noah Warren.
6:23 of 2nd period - Emil Bemstrom is hit by Noah Warren and loses puck.
7:14 of 2nd period - Shot by Brian Halonen.
7:14 of 2nd period - Stopped by Jaxson Stauber with a rebound.
7:16 of 2nd period - Shot by Oliver Okuliar.
7:16 of 2nd period - Stopped by Jaxson Stauber without a rebound.
7:17 of 2nd period - James Hamblin wins face-off versus Riley Kidney in PHILADELPHIA RAIDERS zone.
7:17 of 2nd period - James Hamblin is hit by Brandon Scanlin.
7:38 of 2nd period - Shot by Oliver Okuliar.
7:38 of 2nd period - Stopped by Jaxson Stauber with a rebound.
7:40 of 2nd period - Shot by Brian Halonen.
7:40 of 2nd period - Deflect By James Hamblin.
7:40 of 2nd period - Shot Hit the Post.
9:12 of 2nd period - Off-side.
9:13 of 2nd period - Wyatt Bongiovanni wins face-off versus Riley Kidney in neutral zone.
9:32 of 2nd period - Icing by Jaycob Megna.
9:33 of 2nd period - Riley Kidney wins face-off versus Kyle Criscuolo in PHILADELPHIA RAIDERS zone.
9:41 of 2nd period - Off-side.
9:42 of 2nd period - Zack Ostapchuk wins face-off versus James Hamblin in neutral zone.
9:44 of 2nd period - Jonathan Gruden is hit by Oliver Okuliar.
9:45 of 2nd period - Off-side.
9:46 of 2nd period - Zack Ostapchuk wins face-off versus Wyatt Bongiovanni in neutral zone.
10:24 of 2nd period - Icing by Ethan Cardwell.
10:25 of 2nd period - Wyatt Bongiovanni wins face-off versus Matthew Poitras in THEDFORD MINES ISOTHERMIC zone.
11:12 of 2nd period - Icing by Jaycob Megna.
11:13 of 2nd period - Kyle Criscuolo wins face-off versus Matthew Poitras in PHILADELPHIA RAIDERS zone.
11:54 of 2nd period - Icing by Brandon Scanlin.
11:55 of 2nd period - Wyatt Bongiovanni wins face-off versus Zack Ostapchuk in PHILADELPHIA RAIDERS zone.
11:56 of 2nd period - Shot by Ethan Cardwell.
11:56 of 2nd period - Stopped by Jaxson Stauber without a rebound.
11:57 of 2nd period - Tyce Thompson wins face-off versus James Hamblin in PHILADELPHIA RAIDERS zone.
12:14 of 2nd period - Shot by James Hamblin.
12:14 of 2nd period - Stopped by Jaxson Stauber without a rebound.
12:15 of 2nd period - Emil Bemstrom wins face-off versus Zack Ostapchuk in PHILADELPHIA RAIDERS zone.
12:22 of 2nd period - Shai Buium is hit by Ethan Cardwell and loses puck.
12:46 of 2nd period - Icing by Jonathan Gruden.
12:47 of 2nd period - Zack Ostapchuk wins face-off versus James Hamblin in PHILADELPHIA RAIDERS zone.
13:42 of 2nd period - Shot by Curtis Lazar.
13:42 of 2nd period - Deflect By Matthew Poitras.
13:42 of 2nd period - Stopped by Nikita Tolopilo without a rebound.
13:43 of 2nd period - Kyle Criscuolo wins face-off versus Matthew Poitras in THEDFORD MINES ISOTHERMIC zone.
13:45 of 2nd period - Icing by Filip Engaras.
13:46 of 2nd period - Matthew Poitras wins face-off versus Kyle Criscuolo in THEDFORD MINES ISOTHERMIC zone.
13:51 of 2nd period - Shot by Cameron Lund.
13:51 of 2nd period - Shot Hit the Post.
13:53 of 2nd period - Shot by Matthew Poitras.
13:53 of 2nd period - Stopped by Nikita Tolopilo without a rebound.
13:54 of 2nd period - Filip Engaras wins face-off versus Matthew Poitras in THEDFORD MINES ISOTHERMIC zone.
13:56 of 2nd period - Icing by Kyle Criscuolo.
13:57 of 2nd period - Kyle Criscuolo wins face-off versus Matthew Poitras in THEDFORD MINES ISOTHERMIC zone.
13:57 of 2nd period - Otto Stenberg is hit by Lukas Rousek.
14:27 of 2nd period - Shot by Curtis Lazar.
14:27 of 2nd period - Shot Misses the Net.
14:29 of 2nd period - Shot by Curtis Lazar.
14:29 of 2nd period - Shot Misses the Net.
14:31 of 2nd period - Shot by Lukas Rousek.
14:31 of 2nd period - Shot Misses the Net.
14:33 of 2nd period - Shot by Matthew Poitras.
14:33 of 2nd period - Shot Misses the Net.
14:35 of 2nd period - Shot by Curtis Lazar.
14:35 of 2nd period - Deflect By Lukas Rousek.
14:35 of 2nd period - Stopped by Nikita Tolopilo without a rebound.
14:36 of 2nd period - Zack Ostapchuk wins face-off versus James Hamblin in THEDFORD MINES ISOTHERMIC zone.
14:36 of 2nd period - Zack Ostapchuk is hit by Djibril Toure.
14:43 of 2nd period - Jonathan Gruden is hit by Djibril Toure and loses puck.
14:58 of 2nd period - Shot by Jonathan Gruden.
14:58 of 2nd period - Stopped by Nikita Tolopilo without a rebound.
14:58 of 2nd period - Minor Penalty to Djibril Toure for Boarding.
14:59 of 2nd period - Curtis Lazar wins face-off versus James Hamblin in THEDFORD MINES ISOTHERMIC zone.
15:00 of 2nd period - Shot by Lukas Rousek.
15:00 of 2nd period - Shot Misses the Net.
15:33 of 2nd period - Icing by Curtis Lazar.
15:34 of 2nd period - Matthew Poitras wins face-off versus Oliver Okuliar in PHILADELPHIA RAIDERS zone.
16:23 of 2nd period - Icing by Zack Ostapchuk.
16:24 of 2nd period - Zack Ostapchuk wins face-off versus James Hamblin in PHILADELPHIA RAIDERS zone.
16:42 of 2nd period - Shot by James Hamblin.
16:42 of 2nd period - Shot Misses the Net.
17:13 of 2nd period - Minor Penalty to Djibril Toure for Holding.
17:14 of 2nd period - Zack Ostapchuk wins face-off versus Oliver Okuliar in THEDFORD MINES ISOTHERMIC zone.
18:58 of 2nd period - Icing by Cale Fleury.
18:59 of 2nd period - Oliver Okuliar wins face-off versus Cameron Lund in PHILADELPHIA RAIDERS zone.
19:40 of 2nd period - Shot by Emil Bemstrom.
19:40 of 2nd period - Stopped by Jaxson Stauber without a rebound.
19:41 of 2nd period - Zack Ostapchuk wins face-off versus Kyle Criscuolo in PHILADELPHIA RAIDERS zone.
19:41 of 2nd period - Zack Ostapchuk is hit by Filip Engaras.
19:49 of 2nd period - Shot by Jonathan Gruden.
19:49 of 2nd period - Stopped by Nikita Tolopilo without a rebound.
19:50 of 2nd period - Kyle Criscuolo wins face-off versus Matthew Poitras in THEDFORD MINES ISOTHERMIC zone.
Goals for this period are 1 for PHILADELPHIA RAIDERS vs 0 for THEDFORD MINES ISOTHERMIC.
Shots for this period are 8 for PHILADELPHIA RAIDERS vs 10 for THEDFORD MINES ISOTHERMIC.
3rd period
0:01 of 3rd period - James Hamblin wins face-off versus Curtis Lazar in neutral zone.
0:03 of 3rd period - Minor Penalty to Shai Buium for Goalie Interference.
0:04 of 3rd period - Curtis Lazar wins face-off versus James Hamblin in PHILADELPHIA RAIDERS zone.
0:29 of 3rd period - Shot by James Hamblin.
0:29 of 3rd period - Shot Hit the Post.
0:31 of 3rd period - Shot by Mikulas Hovorka.
0:31 of 3rd period - Stopped by Jaxson Stauber with a rebound.
0:33 of 3rd period - Shot by Mikulas Hovorka.
0:33 of 3rd period - Shot Misses the Net.
0:35 of 3rd period - Shot by Djibril Toure.
0:35 of 3rd period - Goal by Djibril Toure - PHILADELPHIA RAIDERS : 3 - THEDFORD MINES ISOTHERMIC : 2.
0:36 of 3rd period - Zack Ostapchuk wins face-off versus Kyle Criscuolo in neutral zone.
0:38 of 3rd period - Off-side.
0:39 of 3rd period - Zack Ostapchuk wins face-off versus Filip Engaras in neutral zone.
0:42 of 3rd period - Shot by Zack Ostapchuk.
0:42 of 3rd period - Deflect By Gavin Hayes.
0:42 of 3rd period - Stopped by Nikita Tolopilo without a rebound.
0:43 of 3rd period - Zack Ostapchuk wins face-off versus Kyle Criscuolo in THEDFORD MINES ISOTHERMIC zone.
0:52 of 3rd period - Shot by Jonathan Gruden.
0:52 of 3rd period - Deflect By Zack Ostapchuk.
0:52 of 3rd period - Shot Blocked by Gavin White.
1:18 of 3rd period - Shot by Kyle Criscuolo.
1:18 of 3rd period - Shot Misses the Net.
1:20 of 3rd period - Shot by Kyle Criscuolo.
1:20 of 3rd period - Deflect By Otto Stenberg.
1:20 of 3rd period - Shot Hit the Post.
1:22 of 3rd period - Shot by Mikulas Hovorka.
1:22 of 3rd period - Shot Misses the Net.
1:55 of 3rd period - Shot by Matthew Poitras.
1:55 of 3rd period - Shot Blocked by Djibril Toure.
2:36 of 3rd period - Shot by Riley Kidney.
2:36 of 3rd period - Stopped by Nikita Tolopilo without a rebound.
2:37 of 3rd period - Riley Kidney wins face-off versus Wyatt Bongiovanni in THEDFORD MINES ISOTHERMIC zone.
2:48 of 3rd period - Shot by Ethan Cardwell.
2:48 of 3rd period - Shot Misses the Net.
2:51 of 3rd period - Wyatt Bongiovanni is hit by Shai Buium and loses puck.
3:02 of 3rd period - Shot by Emil Bemstrom.
3:02 of 3rd period - Stopped by Jaxson Stauber with a rebound.
3:04 of 3rd period - Shot by Gavin White.
3:04 of 3rd period - Shot Misses the Net.
3:08 of 3rd period - Shot by Wyatt Bongiovanni.
3:08 of 3rd period - Stopped by Jaxson Stauber without a rebound.
3:09 of 3rd period - Kyle Criscuolo wins face-off versus Zack Ostapchuk in PHILADELPHIA RAIDERS zone.
3:09 of 3rd period - Otto Stenberg is hit by Brandon Scanlin and loses puck.
3:25 of 3rd period - Jonathan Gruden is hit by Djibril Toure and loses puck.
3:36 of 3rd period - Donovan Sebrango is hit by Filip Engaras and loses puck.
4:05 of 3rd period - Minor Penalty to Mikulas Hovorka for Holding.
4:06 of 3rd period - James Hamblin wins face-off versus Matthew Poitras in THEDFORD MINES ISOTHERMIC zone.
4:51 of 3rd period - Shot by Cameron Lund.
4:51 of 3rd period - Stopped by Nikita Tolopilo without a rebound.
4:52 of 3rd period - Zack Ostapchuk wins face-off versus Oliver Okuliar in THEDFORD MINES ISOTHERMIC zone.
6:00 of 3rd period - Jaycob Megna is hit by Brian Halonen and loses puck.
6:07 of 3rd period - Shot by Ethan Cardwell.
6:07 of 3rd period - Shot Misses the Net.
6:50 of 3rd period - Icing by Mikulas Hovorka.
6:51 of 3rd period - Wyatt Bongiovanni wins face-off versus Zack Ostapchuk in THEDFORD MINES ISOTHERMIC zone.
7:14 of 3rd period - Jonathan Gruden is hit by Ethan Cardwell and loses puck.
7:50 of 3rd period - Icing by Jaycob Megna.
7:51 of 3rd period - James Hamblin wins face-off versus Matthew Poitras in PHILADELPHIA RAIDERS zone.
8:52 of 3rd period - Shot by Kyle Criscuolo.
8:52 of 3rd period - Shot Misses the Net.
9:00 of 3rd period - Shot by Gavin Hayes.
9:00 of 3rd period - Shot Misses the Net.
9:02 of 3rd period - Shot by Gavin Hayes.
9:02 of 3rd period - Stopped by Nikita Tolopilo with a rebound.
9:04 of 3rd period - Shot by Jonathan Gruden.
9:04 of 3rd period - Stopped by Nikita Tolopilo with a rebound.
9:06 of 3rd period - Shot by Donovan Sebrango.
9:06 of 3rd period - Goal by Donovan Sebrango - PHILADELPHIA RAIDERS : 4 - THEDFORD MINES ISOTHERMIC : 2.
9:06 of 3rd period - Domenic DiVincentiis enters game.
9:07 of 3rd period - Tyce Thompson wins face-off versus James Hamblin in neutral zone.
9:09 of 3rd period - Cale Fleury is hit by Djibril Toure.
9:17 of 3rd period - Shot by Brian Halonen.
9:17 of 3rd period - Shot Misses the Net.
9:19 of 3rd period - Shot by Vladislav Kolyachonok.
9:19 of 3rd period - Stopped by Jaxson Stauber without a rebound.
9:20 of 3rd period - Tyce Thompson wins face-off versus Wyatt Bongiovanni in PHILADELPHIA RAIDERS zone.
10:02 of 3rd period - Shot by Jonathan Gruden.
10:02 of 3rd period - Stopped by Domenic DiVincentiis without a rebound.
10:03 of 3rd period - James Hamblin wins face-off versus Zack Ostapchuk in THEDFORD MINES ISOTHERMIC zone.
10:07 of 3rd period - Icing by Brian Halonen.
10:08 of 3rd period - Matthew Poitras wins face-off versus James Hamblin in THEDFORD MINES ISOTHERMIC zone.
10:09 of 3rd period - Shot by Curtis Lazar.
10:09 of 3rd period - Shot Misses the Net.
10:24 of 3rd period - Oliver Okuliar is hit by Shai Buium and loses puck.
10:39 of 3rd period - Shot by James Hamblin.
10:39 of 3rd period - Shot Misses the Net.
10:41 of 3rd period - Shot by Mikulas Hovorka.
10:41 of 3rd period - Shot Blocked by Shai Buium.
10:43 of 3rd period - Shot by James Hamblin.
10:43 of 3rd period - Shot Blocked by Jaycob Megna.
10:45 of 3rd period - Shot by Mikulas Hovorka.
10:45 of 3rd period - Shot Misses the Net.
10:47 of 3rd period - Shot by James Hamblin.
10:47 of 3rd period - Stopped by Jaxson Stauber with a rebound.
10:54 of 3rd period - Icing by Curtis Lazar.
10:55 of 3rd period - Matthew Poitras wins face-off versus Kyle Criscuolo in PHILADELPHIA RAIDERS zone.
11:59 of 3rd period - Icing by Gavin White.
12:00 of 3rd period - Jonathan Gruden wins face-off versus Filip Engaras in THEDFORD MINES ISOTHERMIC zone.
12:02 of 3rd period - Zack Ostapchuk is hit by Vladislav Kolyachonok and loses puck.
12:06 of 3rd period - Icing by Kyle Criscuolo.
12:07 of 3rd period - Kyle Criscuolo wins face-off versus Riley Kidney in THEDFORD MINES ISOTHERMIC zone.
12:30 of 3rd period - Shot by Matthew Poitras.
12:30 of 3rd period - Shot Misses the Net.
12:34 of 3rd period - Shot by Riley Kidney.
12:34 of 3rd period - Shot Blocked by Djibril Toure.
12:36 of 3rd period - Shot by Matthew Poitras.
12:36 of 3rd period - Deflect By Riley Kidney.
12:36 of 3rd period - Shot Blocked by Oliver Okuliar.
14:02 of 3rd period - Off-side.
14:03 of 3rd period - Wyatt Bongiovanni wins face-off versus Matthew Poitras in neutral zone.
14:43 of 3rd period - Shot by Jonathan Gruden.
14:43 of 3rd period - Shot Blocked by Andrew Perrott.
14:45 of 3rd period - Shot by Brandon Scanlin.
14:45 of 3rd period - Shot Misses the Net.
15:03 of 3rd period - Shot by Gavin Hayes.
15:03 of 3rd period - Stopped by Domenic DiVincentiis without a rebound.
15:04 of 3rd period - Otto Stenberg wins face-off versus Matthew Poitras in THEDFORD MINES ISOTHERMIC zone.
15:08 of 3rd period - Icing by Filip Engaras.
15:09 of 3rd period - Matthew Poitras wins face-off versus Kyle Criscuolo in THEDFORD MINES ISOTHERMIC zone.
15:18 of 3rd period - Shot by Cameron Lund.
15:18 of 3rd period - Shot Misses the Net.
15:20 of 3rd period - Shot by Cameron Lund.
15:20 of 3rd period - Stopped by Domenic DiVincentiis without a rebound.
15:21 of 3rd period - Kyle Criscuolo wins face-off versus Zack Ostapchuk in THEDFORD MINES ISOTHERMIC zone.
15:44 of 3rd period - Shot by Gavin Hayes.
15:44 of 3rd period - Shot Blocked by Gavin White.
15:46 of 3rd period - Shot by Jonathan Gruden.
15:46 of 3rd period - Shot Misses the Net.
16:14 of 3rd period - Shot by Curtis Lazar.
16:14 of 3rd period - Shot Misses the Net.
16:46 of 3rd period - Shot by Emil Bemstrom.
16:46 of 3rd period - Stopped by Jaxson Stauber without a rebound.
16:47 of 3rd period - Zack Ostapchuk wins face-off versus Wyatt Bongiovanni in PHILADELPHIA RAIDERS zone.
16:52 of 3rd period - Shot by Wyatt Bongiovanni.
16:52 of 3rd period - Deflect By Ethan Cardwell.
16:52 of 3rd period - Shot Misses the Net.
16:54 of 3rd period - Shot by Ethan Cardwell.
16:54 of 3rd period - Stopped by Jaxson Stauber without a rebound.
16:55 of 3rd period - Zack Ostapchuk wins face-off versus Kyle Criscuolo in PHILADELPHIA RAIDERS zone.
17:08 of 3rd period - Shot by Kyle Criscuolo.
17:08 of 3rd period - Stopped by Jaxson Stauber without a rebound.
17:09 of 3rd period - James Hamblin wins face-off versus Matthew Poitras in PHILADELPHIA RAIDERS zone.
17:12 of 3rd period - Shot by Oliver Okuliar.
17:12 of 3rd period - Shot Misses the Net.
17:36 of 3rd period - Matthew Poitras is hit by Brian Halonen and loses puck.
17:57 of 3rd period - Shot by Zack Ostapchuk.
17:57 of 3rd period - Shot Misses the Net.
18:21 of 3rd period - Shot by Zack Ostapchuk.
18:21 of 3rd period - Deflect By Jonathan Gruden.
18:21 of 3rd period - Stopped by Domenic DiVincentiis with a rebound.
18:41 of 3rd period - Shot by Kyle Criscuolo.
18:41 of 3rd period - Stopped by Jaxson Stauber without a rebound.
18:42 of 3rd period - Wyatt Bongiovanni wins face-off versus Tyce Thompson in PHILADELPHIA RAIDERS zone.
18:47 of 3rd period - Shot by Emil Bemstrom.
18:47 of 3rd period - Stopped by Jaxson Stauber without a rebound.
18:48 of 3rd period - Tyce Thompson wins face-off versus Wyatt Bongiovanni in PHILADELPHIA RAIDERS zone.
19:10 of 3rd period - Icing by Wyatt Bongiovanni.
19:11 of 3rd period - Wyatt Bongiovanni wins face-off versus Zack Ostapchuk in THEDFORD MINES ISOTHERMIC zone.
19:32 of 3rd period - Shot by Gavin Hayes.
19:32 of 3rd period - Stopped by Domenic DiVincentiis with a rebound.
Goals for this period are 1 for PHILADELPHIA RAIDERS vs 1 for THEDFORD MINES ISOTHERMIC.
Shots for this period are 11 for PHILADELPHIA RAIDERS vs 11 for THEDFORD MINES ISOTHERMIC.
Back to the Top